Skuld, lawful female dwarven Valkyrie -------- |..<....# |......|### |......| # | |......|#### #f########h#### -.............| -|-.----# # o | ############### .. .`... -----. .. `. ... ... .. F` --- Skuld the Stripling Experience level: 2 Strength: 18/03 Dexterity: 11 Constitution: 16 Intelligence: 7 Wisdom: 9 Charisma: 12 Health: 0(11) Energy: 4(4) AC: 6 Gold: 451 Moves: 1221 Your Inventory: Coins $ - 451 gold pieces Weapons a - an uncursed +1 long sword (weapon in hand) b - an uncursed +0 dagger Armor c - a blessed +3 small shield (being worn) Comestibles d - 2 uncursed food rations j - an uncursed tripe ration m - an uncursed [stale] egg s - an [uncursed] tin of gnome meat Scrolls o - an uncursed scroll labeled GHOTI [of identify] Potions f - an uncursed potion called sblue 300 [of paralysis] k - an uncursed golden potion [of invisibility] p - a cursed pink potion [of monster detection] t - an [uncursed] ruby potion [of restore ability] Wands i - an uncursed wand called ORICH [of make invisible (0:3)] n - an uncursed octagonal wand [of nothing (0:8)] Tools l - an uncursed lock pick r - an [uncursed tooled] horn called horny tool Gems q - an [uncursed] red gem [worthless glass] Spells known in the end: Name Level Category Fail Memory Your skills at the end: Fighting Skills Weapon Skills dagger [Basic / Expert] long sword [Basic / Expert] Spellcasting Skills Final Attributes: You were devoutly aligned. Hunger level was 308. Your alignment was 15 / 16. Monster difficulty range was 1 - 4. Level difficulty was 7. You were immune to cold. You had infravision. You were stealthy. Your luck was zero. You are dead. Vanquished creatures: a dog a yellow light 2 giant ants a kobold shaman a large kobold a brown mold 2 jackals a fox a goblin 2 grid bugs 2 lichens a newt 16 creatures vanquished. Voluntary challenges: You were illiterate. You used a wielded weapon 16 times. You put on armor 1 time. You never genocided any monsters. You never polymorphed an object. You never changed form. You used no wishes. You never wrote Elbereth's name. You never encountered a bones level. You never used any Sokoban shortcuts. Dungeon overview: The Dungeons of Doom: levels 1 to 7 Level 1 a fountain a long staircase Level 2 a general store Level 3 a fountain Level 4 an altar to Tyr, a fountain stairs to The Gnomish Mines Level 6 an altar, a fountain Level 7 <- You were here The Gnomish Mines: Level 5 stairs to The Dungeons of Doom History has recorded: On T:1 you entered the Dungeons of Doom to retrieve the Amulet of Yendor! On T:252 you reached level 2 of The Dungeons of Doom. On T:412 you advanced to experience level 2. On T:432 you reached level 3 of The Dungeons of Doom. On T:464 you reached level 4 of The Dungeons of Doom. On T:508 you advanced to experience level 3. On T:525 you reached level 1 of The Gnomish Mines. On T:608 you reached level 5 of The Dungeons of Doom. On T:777 you reached level 6 of The Dungeons of Doom. On T:809 you advanced to experience level 4. On T:891 you reached level 7 of The Dungeons of Doom. Latest messages: Hit points restored. [HP+1=33] [88 turns] You can see again. You stop searching. [8 turns] You hear rumbling in the distance. You displaced your dog. The dog bites the gold golem. The gold golem misses the dog. (2x) The dog bites the gold golem. You hear some noises. You hear some noises in the distance. You hear some noises. You hear some noises in the distance. You hear some noises. You hear some noises in the distance. You have a sad feeling for a moment, then it passes. You hear a door open. The hobgoblin swings her two-handed sword. The two-handed sword drains your life! Farvel level 4. [HP-29=4] The hobgoblin swings her thirsty two-handed sword. The two-handed sword drains your life! Farvel level 3. You die... Final status: Farvel Skuld the Valkyrie... You died in The Dungeons of Doom on dungeon level 7 with 1098 points, and 451 pieces of gold, after 1221 moves. You were level 2 with a maximum of 11 hit points when you died.